 Dungeon Crawl Stone Soup version 0.31.0-32-g396128a36d (webtiles) character file.

Game seed: 16225952611638714662

2704 SunnySideUp the Summoner (level 9, 0/59 (63) HPs)
             Began as an Octopode Summoner on Apr 13, 2024.
             Slain by Maurice
             ... wielding a +4 trident of draining
              (10 damage)
             ... on level 7 of the Dungeon.
             The game lasted 00:19:45 (8996 turns).

SunnySideUp the Summoner (Octopode Summoner)        Turns: 8996, Time: 00:19:46

HP:   0/59 (63)     AC:  1    Str:  7    XL:     9   Next: 65%
MP:   16/16         EV: 13    Int: 21    God:
Gold: 0             SH:  0    Dex: 13    Spells: 5/18 levels left

rFire   + . .        e - +3 dagger
rCold   . . .        (no shield)
rNeg    + . .        (helmet restricted)
rPois   .            x - amulet of magic regeneration
rElec   .            W - ring of willpower
rCorr   +            R - ring of resist corrosion
SInv    .            F - ring of protection from fire
Will    +....        N - ring of positive energy
Stlth   +++          (no ring)
HPRegen 0.29/turn    (no ring)
MPRegen 0.55/turn    (no ring)
                     (no ring)

%: no passive effects
@: brilliant, drained, inugami summoned
A: almost no armour, amphibious, 8 rings, camouflage 1, gelatinous body 1,
(nimble swimmer 1), tentacles
a: no special abilities


You were on level 7 of the Dungeon.
You visited 1 branch of the dungeon, and saw 7 of its levels.


Innate Abilities, Weirdness & Mutations

You cannot wear most types of armour.
You are amphibious.
You can wear up to eight rings at the same time.
Your skin changes colour to match your surroundings (Stealth+).
Your rubbery body absorbs attacks. (AC +1, EV +1)
((You are camouflaged when in or above water. (Stealth+)))
You have tentacles for arms and can constrict up to eight enemies at once.


   Skills:
 + Level 6.6 Fighting
 - Level 3.0 Dodging
 - Level 3.0 Stealth
 - Level 5.0 Spellcasting
 - Level 8.0 Summonings
 - Level 6.0 Air Magic
 - Level 2.0 Evocations


You had 5 spell levels left.
You knew the following spells:

 Your Spells              Type           Power      Damage    Failure   Level
c - Call Imp              Summ           100%       N/A       1%          2
f - Call Canine Familiar  Summ           55%        N/A       1%          3
i - Swiftness             Air            45%        N/A       2%          3
l - Summon Lightning Spi  Summ/Air       51%        N/A       6%          4
z - Summon Small Mammal   Summ           100%       N/A       1%          1

Your spell library contained the following spells:

 Spells                   Type           Power      Damage    Failure   Level
 Shock                    Conj/Air       100%       1d9       3%          1
 Airstrike                Air            22%        2d(4-20)  9%          4
 Apportation              Tloc           14%        N/A       11%         1
 Jinxbite                 Hex            14%        N/A       16%         2
 Scorch                   Fire           14%        2d5       16%         2
 Summon Blazeheart Golem  Fire/Summ      33%        N/A       21%         4
 Volatile Blastmotes      Fire/Tloc      14%        2d11      32%         3
 Flame Wave               Conj/Fire      7%         2d5       71%         4
 Fulminant Prism          Conj/Alch      3%         3d5       71%         4
 Iskenderun's Mystic Bla  Conj/Tloc      7%         2d4       71%         4
 Alistair's Intoxication  Alch           4%         N/A       96%         5
 Summon Cactus Giant      Summ           27%        N/A       52%         6

Inventory:

Hand Weapons
 b - a +0 dagger
 e - a +3 dagger (weapon)
Missiles
 m - 24 poisoned darts (quivered)
 v - a throwing net {=f}
Jewellery
 x - an amulet of magic regeneration (around mantle)
 C - a ring of ice
 F - a ring of protection from fire (on tentacle)
 N - a ring of positive energy (on tentacle)
 R - a ring of resist corrosion (right tentacle)
 W - a ring of willpower (left tentacle)
Wands
 h - a wand of quicksilver (10)
 j - a wand of flame (14)
 p - a wand of paralysis (24)
 y - a wand of roots (8)
Scrolls
 f - 2 scrolls of revelation {unknown}
 g - 3 scrolls of teleportation {@r2}
 l - 3 scrolls of fog {unknown}
 n - 2 scrolls of poison {unknown}
 r - a scroll of torment {unknown}
 t - a scroll of noise {unknown}
 u - a scroll of silence {unknown}
 A - a scroll of blinking {unknown}
 D - a scroll of vulnerability {unknown}
 E - a scroll of enchant armour {unknown}
Potions
 a - a potion of magic
 c - a potion of mutation
 d - 2 potions of curing {@q1}
 k - 2 potions of invisibility
 o - 2 potions of might
 q - a potion of resistance
 w - a potion of cancellation
 z - a potion of lignification

Dungeon Overview and Level Annotations

Branches:
Dungeon (7/15)
 Temple: D:4-7

Altars:
Zin

Shops:
D:3 =

Annotations:
D:7 Maurice

#.....# #.#... #...# #
#########.#.#..#.
#...............^
#...W####.#.#...
#[...h...........
##....##.########..#
#....@'..<..))(....#
#.....#####.([).....
#.......#......#......
#.#.#...#......#.##.[...
#.#.#...#..f##.......#..
# #.#...#......#........
###.#......#.....#.#
#.#.#>............
.........#.#.#.#


You could see a phantom and a friendly inugami (summoned).


Message History

Maurice zaps a wand.
You easily resist.
Your lightning spire shoots out a bolt of lightning at Maurice!
The bolt of electricity hits Maurice!
Okay, then.
You hit Maurice.
Maurice is heavily wounded.
You constrict Maurice, but do no damage.
The phantom hits you.
* * * LOW HITPOINT WARNING * * *
Maurice hits you with a +4 trident of draining!
* * * LOW HITPOINT WARNING * * *
Maurice groans, "What are you, a monk?" You partially resist.
You feel drained. Maurice bites you.
* * * LOW HITPOINT WARNING * * *
You feel your power leaking away. Maurice drains your magic.
Your lightning spire shoots out a bolt of lightning at Maurice!
The bolt of electricity hits Maurice!
Unknown command.
You release your grip on Maurice.
The phantom hits your inugami. Something hits your lightning spire!
Your inugami closely misses the phantom.
It was a potion of brilliance.
You feel clever all of a sudden. The phantom hits your inugami.
The phantom blinks!
A stone appears from out of your range of vision.
The stone hits your lightning spire but does no damage.
Something barely misses your lightning spire.
Something hits you!
You die...

Skill      XL: |  1  2  3  4  5  6  7  8  9 |
---------------+----------------------------+-----
Fighting       | 1 2 4 6 |  6.6
Spellcasting   | 3 4 5 |  5.0
Summonings     | 5 6 7 8 |  8.0
Evocations     | 2 |  2.0
Air Magic      | 2 6 |  6.0
Dodging        | 3 |  3.0
Stealth        | 3 |  3.0

Action                     |  1- 3 |  4- 6 |  7- 9 || total
---------------------------+-------+-------+-------++-------
  Melee: Unarmed           |     7 |       |       ||     7
         Dagger            |    67 |    50 |   132 ||   249
         Constrict         |    16 |    19 |    34 ||    69
         Tentacles         |    16 |    14 |    39 ||    69
  Throw: Dart              |       |     1 |       ||     1
   Cast: Summon Small Mamm |     9 |     5 |     2 ||    16
         Call Imp          |     9 |    10 |     7 ||    26
         Call Canine Famil |       |     5 |    20 ||    25
         Summon Lightning  |       |       |    28 ||    28
  Evoke: Wand              |       |       |     3 ||     3
    Use: Scroll            |       |     4 |     5 ||     9
         Potion            |       |       |     2 ||     2
   Stab: Sleeping          |    14 |     5 |     4 ||    23
         Distracted        |       |       |     2 ||     2
 Armour: Skin              |    32 |    23 |    90 ||   145
  Dodge: Dodged            |    50 |    25 |    99 ||   174

Levels and vault maps discovered:
D:1:      onia_arrival_pentagram, layout_basic,
          hellmonk_ecumenical_altar_watching_god
D:2:      cheibrodos_old_hovel, layout_basic
D:3:      layout_basic, serial_curves, eino_curves_03, eino_curves_04,
          serial_shops, nicolae_shop_peninsula, uniq_ijyb
D:4:      wad_river_or_something, layout_layer_cave, uniq_menkaure,
          uniq_natasha, uniq_sigmund
D:5:      kennysheep_kobold_camp, layout_loops_ring,
          mainiacjoe_overflow_cross_hatched, chequers_serial_rivers_large_b,
          uniq_blork_the_orc
D:6:      layout_gridville, kennysheep_boxes
D:7:      layout_basic, mainiacjoe_overflow_paths,
          minmay_temple_entry_glassed_door, uniq_maggie, uniq_maurice,
          uniq_jeremiah

Notes
Turn   | Place    | Note
-------+----------+-------------------------------------------
     0 | D:1      | SunnySideUp the Octopode Summoner began the quest for the
                  | Orb.
     0 | D:1      | Reached XP level 1. HP: 11/11 MP: 3/3
    23 | D:1      | Reached skill level 1 in Fighting
    76 | D:1      | Reached XP level 2. HP: 18/18 MP: 1/5
    77 | D:1      | Noticed a golden eye
    79 | D:1      | Found a faded altar of an unknown god.
    80 | D:1      | Noticed a golden eye
    80 | D:1      | Noticed an eye of devastation
    80 | D:1      | Noticed a golden eye
   188 | D:1      | Reached skill level 2 in Fighting
   202 | D:1      | Learned a level 2 spell: Call Imp
   469 | D:1      | Reached XP level 3. HP: 12/24 MP: 2/6
  1585 | D:2      | Reached XP level 4. HP: 17/29 MP: 1/7
  1713 | D:3      | Found Warughosui's Jewellery Boutique.
  1992 | D:3      | Noticed Ijyb
  2004 | D:3      | Paralysed by Ijyb for 4 turns
  2012 | D:3      | Killed Ijyb
  2013 | D:3      | Reached skill level 3 in Spellcasting
  2013 | D:3      | Reached skill level 5 in Summonings
  2031 | D:3      | Learned a level 3 spell: Call Canine Familiar
  2378 | D:3      | Reached XP level 5. HP: 34/34 MP: 4/9
  2571 | D:4      | Noticed a water moccasin
  2579 | D:4      | Noticed a black bear
  2623 | D:4      | Noticed Sigmund
  2854 | D:4      | HP: 2/34 [gnoll bouda/+0 whip (9)]
  2978 | D:4      | Reached skill level 6 in Summonings
  3056 | D:4      | Reached XP level 6. HP: 36/39 MP: 10/10
  3107 | D:4      | Noticed Menkaure
  3115 | D:4      | Killed Menkaure
  3116 | D:4      | Reached skill level 2 in Evocations
  3515 | D:4      | Noticed Natasha
  3521 | D:4      | Killed Natasha
  3522 | D:4      | Reached skill level 7 in Summonings
  3581 | D:4      | Reached XP level 7. HP: 41/45 MP: 11/11
  3752 | D:4      | Killed Sigmund
  3753 | D:4      | Reached skill level 4 in Fighting
  3764 | D:4      | Learned a level 4 spell: Summon Lightning Spire
  4069 | D:4      | Noticed Natasha
  4084 | D:4      | Killed Natasha
  4465 | D:4      | Reached skill level 4 in Spellcasting
  4465 | D:4      | Reached skill level 1 in Air Magic
  4627 | D:4      | Reached skill level 2 in Air Magic
  4627 | D:4      | Reached XP level 8. HP: 42/54 MP: 6/14
  4800 | D:5      | Entered Level 5 of the Dungeon
  4809 | D:5      | Reached skill level 3 in Air Magic
  4893 | D:5      | Reached skill level 4 in Air Magic
  4929 | D:5      | Learned a level 3 spell: Swiftness
  5063 | D:5      | Identified a potion of resistance
  5135 | D:5      | Found a glowing silver altar of Zin.
  5251 | D:5      | Reached skill level 5 in Air Magic
  5581 | D:5      | Reached skill level 6 in Air Magic
  5891 | D:5      | Noticed Blork the orc
  5902 | D:5      | Killed Blork the orc
  6313 | D:6      | Reached skill level 8 in Summonings
  6313 | D:6      | Reached XP level 9. HP: 17/58 MP: 13/15
  6710 | D:6      | Reached skill level 5 in Fighting
  6797 | D:6      | Reached skill level 5 in Spellcasting
  7316 | D:7      | Identified a +0 robe of resistance
  7316 | D:7      | Noticed Jeremiah
  7660 | D:7      | Noticed Maurice
  7664 | D:7      | Maurice stole a staff of alchemy {!a}
  8179 | D:6      | Reached skill level 6 in Fighting
  8694 | D:7      | Killed Jeremiah
  8695 | D:7      | Reached skill level 3 in Dodging
  8695 | D:7      | Reached skill level 3 in Stealth
  8979 | D:7      | Maurice stole a maw talisman
  8980 | D:7      | Maurice stole 342 gold
  8996 | D:7      | Slain by Maurice

Vanquished Creatures
  Jeremiah (D:7)
  A kobold brigand (D:5)
  A gnoll sergeant (D:7)
  A scorpion (D:4)
  A hound (D:5)
  A jelly (D:4)
  An orc priest (D:5)
  Natasha (D:4)
  An orc wizard (D:5)
  A gnoll (D:7)
  4 adders
  A shadow imp (D:6)
  3 white imps (D:6)
  2 ufetubi (D:6)
  4 dart slugs
  7 orcs
  7 endoplasms
  2 giant cockroaches
  5 goblins
  8 hobgoblins
  A jackal (D:1)
  3 quokkas
  8 ball pythons
  6 bats
  A frilled lizard (D:2)
  14 kobolds
  3 rats
89 creatures vanquished.

Vanquished Creatures (collateral kills)
  Sigmund (D:4)
  Menkaure (D:4)
  2 water moccasins
  An ice beast (D:6)
  A sky beast (D:6)
  2 ogres (D:6)
  A black bear (D:4)
  A centaur (D:5)
  A phantom (D:5)
  Blork the orc (D:5)
  2 kobold brigands
  3 scorpions
  A howler monkey (D:5)
  2 gnoll boudas
  2 hounds
  An iguana (D:6)
  Ijyb (D:3)
  Natasha (D:4)
  18 gnolls
  4 adders
  A white imp (D:6)
  7 orcs
  4 endoplasms
  3 goblins
  2 hobgoblins
  3 jackals (D:1)
  A bat (D:2)
  20 kobolds
  A rat (D:2)
89 creatures vanquished.

Grand Total: 178 creatures vanquished

Table legend: (Time is in decaauts)
 A = Elapsed time spent in this place.
 B = Non-inter-level travel time spent in this place.
 C = Inter-level travel time spent in this place.
 D = Time resting spent in this place.
 E = Time spent auto-exploring this place.
 F = Levels seen in this place.
 G = Mean time per level.
                   A        B        C        D        E       F      G
               +--------+--------+--------+--------+--------+-----+--------+
         Total |   9006 |   8728 |    278 |   2465 |   4834 |   7 | 1286.6 |
       Dungeon |   9006 |   8728 |    278 |   2465 |   4834 |   7 | 1286.6 |
               +--------+--------+--------+--------+--------+-----+--------+

Top non-repeatable levels by time:
     D:6: 2736 daAuts
     D:4: 2321 daAuts
     D:5: 1205 daAuts
     D:3: 886 daAuts
     D:2: 802 daAuts
     D:1: 785 daAuts
     D:7: 267 daAuts

Table legend:
 A = Non-vault XP
 B = Vault XP
 C = Vault XP percentage of total XP
 D = Non-vault monster count
 E = Vault monster count
 F = Vault count percentage of total count
                 A         B        C        D         E       F
            +---------+---------+-------+---------+---------+-------
      Total |    2576 |    1288 |  33.3 |     141 |      37 |  20.8
            +---------+---------+-------+---------+---------+-------
        D:1 |      40 |       0 |   0.0 |      25 |       0 |   0.0
        D:2 |      43 |       1 |   2.3 |      22 |       1 |   4.3
        D:3 |      43 |      38 |  46.9 |      10 |       1 |   9.1
        D:4 |     490 |     649 |  57.0 |      20 |      12 |  37.5
        D:5 |     571 |     223 |  28.1 |      24 |      22 |  47.8
        D:6 |    1091 |       0 |   0.0 |      26 |       0 |   0.0
        D:7 |     298 |     377 |  55.9 |      14 |       1 |   6.7
            +---------+---------+-------+---------+---------+-------
